 Dungeon Crawl Stone Soup version 0.26-a0-682-g294304f6e8 (webtiles) character file.

Game seed: 18424190196806949178

420 Ijustatesigmund the Cutter (level 6, 0/32 HPs)
             Began as a Spriggan Warper on Oct 20, 2020.
             Was an Initiate of Okawaru.
             Slain by a bullfrog (6 damage)
             ... on level 6 of the Dungeon.
             The game lasted 00:11:22 (5728 turns).

Ijustatesigmund the Cutter (Spriggan Warper)        Turns: 5728, Time: 00:11:23

Health: 0/32       AC:  3    Str:  7    XL:     6   Next: 62%
Magic:  11/11      EV: 21    Int: 14    God:    Okawaru [......]
Gold:   276        SH:  0    Dex: 18    Spells: 8/10 levels left

rFire    . . .     SeeInvis +   a - +1 short sword
rCold    . . .     Faith    .   (shield restricted)
rNeg     . . .     Spirit   .   b - +0 robe
rPois    .         Reflect  .   (helmet restricted)
rElec    .         Harm     .   (no cloak)
rCorr    .         Rampage  .   (gloves unavailable)
MR       ++...     Rnd*Tele +   (boots unavailable)
Stlth    +++.......             c - amulet of magic regeneration
HPRegen  0.10/turn              f - ring of wizardry
MPRegen  0.37/turn              k - ring of protection from magic

@: very quick
A: very small, unfitting armour, see invisible, speed 3, shaggy fur 1,
teleportitis 1
a: Renounce Religion


You were on level 6 of the Dungeon.
You worshipped Okawaru.
Okawaru was noncommittal.
You visited 1 branch of the dungeon, and saw 6 of its levels.

You collected 276 gold pieces.

Inventory:

Hand Weapons
 a - a +1 short sword (weapon)
Missiles
 e - 10 boomerangs of dispersal (quivered)
 p - a boomerang
Armour
 b - a +0 robe (worn)
Jewellery
 c - an amulet of magic regeneration (around neck)
 f - a ring of wizardry (left hand)
 j - an uncursed ring of flight
 k - a ring of protection from magic (right hand)
 q - a +6 ring of intelligence {unknown}
 r - a +6 ring of dexterity {unknown}
Wands
 o - a wand of polymorph (2)
Scrolls
 d - a scroll of blinking
 l - 2 scrolls of identify
Potions
 g - a potion of stabbing
 h - a potion of flight
 i - a potion of curing
 m - a potion of lignification


   Skills:
 + Level 2.7 Fighting
 + Level 5.7 Short Blades
 - Level 1.0 Throwing
 + Level 5.3 Dodging
 + Level 4.0 Stealth
 - Level 2.6 Spellcasting
 - Level 4.4 Translocations


You had 8 spell levels left.
You knew the following spells:

 Your Spells              Type           Power        Failure   Level
a - Blink                 Tloc           N/A          2%          2

Your spell library contained the following spells:

 Spells                   Type           Power        Failure   Level
 Gell's Gravitas          Tloc           ##........   4%          3
 Lesser Beckoning         Tloc           ##........   4%          3
 Teleport Other           Tloc           ##......     4%          3
 Passage of Golubria      Tloc           N/A          16%         4


Dungeon Overview and Level Annotations

Branches:
Dungeon (6/15)
 Temple: D:4-7

Altars:
Kikubaaqudgha
Nemelex Xobeh
Okawaru
Sif Muna
Zin


Innate Abilities, Weirdness & Mutations

You are very small and have problems with some larger weapons.
You are too small for most types of armour.
You have supernaturally acute eyesight. (SInv)
You cover ground extremely quickly.
You are covered in fur. (AC +1)
You are occasionally teleported next to monsters.


Message History

The bullfrog is heavily wounded.
The bullfrog hits you!
You are too injured to fight recklessly!
You are too injured to fight recklessly!
You are too injured to fight recklessly!
You are too injured to fight recklessly!
You are too injured to fight recklessly!
You are too injured to fight recklessly!
You are too injured to fight recklessly!
You barely miss the bullfrog.
The bullfrog is heavily wounded.
The bullfrog hits you.
* * * LOW HITPOINT WARNING * * *
You hit the bullfrog.
The bullfrog is almost dead.
The bullfrog misses you.
You closely miss the bullfrog.
The bullfrog is severely wounded.
The bullfrog hits you.
You die...

#. #. ..# #####
#.# ..... #.$
..../. #..
......############
#..
......F...........
#..
.......@........#
#.#
................#
#.#
................#
#†#
..................
..#
......############
#### ######


You could see a bullfrog.

Vanquished Creatures
  A water moccasin (D:6)
  A scorpion (D:2)
  A quasit (D:6)
  An orc priest (D:3)
  An iguana (D:6)
  Jessica (D:2)
  Ijyb (D:3)
  5 adders
  2 adder skeletons (D:2)
  An adder zombie (D:2)
  3 dart slugs
  2 leopard geckos
  3 orcs (D:3)
  5 bats
  A bat zombie (D:2)
  8 giant cockroaches
  10 goblins
  6 hobgoblins
  A quokka (D:6)
  4 frilled lizards
  4 kobolds
  4 rats
66 creatures vanquished.

Vanquished Creatures (others)
  A withered plant (D:2)
1 creature vanquished.

Grand Total: 67 creatures vanquished

Notes
Turn   | Place    | Note
-------+----------+-------------------------------------------
     0 | D:1      | Ijustatesigmund the Spriggan Warper began the quest for the
                  | Orb.
     0 | D:1      | Reached XP level 1. HP: 10/10 MP: 5/5
   458 | D:1      | Reached XP level 2. HP: 14/14 MP: 6/6
   467 | D:1      | Learned a level 2 spell: Blink
  1190 | D:2      | Noticed a scorpion
  1227 | D:2      | Killed a scorpion
  1227 | D:2      | Reached XP level 3. HP: 2/18 MP: 8/8
  1227 | D:2      | Reached XP level 4. HP: 3/22 MP: 9/9
  1741 | D:2      | Noticed Jessica
  1748 | D:2      | Killed Jessica
  1748 | D:2      | Reached skill level 5 in Short Blades
  1748 | D:2      | Reached skill level 1 in Stealth
  2180 | D:3      | Reached XP level 5. HP: 16/26 MP: 10/10
  3003 | D:3      | Noticed Ijyb
  3020 | D:3      | Killed Ijyb
  3608 | D:3      | Found a glowing silver altar of Zin.
  3651 | D:3      | Found a shimmering blue altar of Sif Muna.
  3652 | D:3      | Found a sparkling altar of Nemelex Xobeh.
  3743 | D:4      | Found an ancient bone altar of Kikubaaqudgha.
  3888 | D:4      | Found an iron altar of Okawaru.
  3896 | D:4      | Became a worshipper of Warmaster Okawaru
  4477 | D:5      | Entered Level 5 of the Dungeon
  4916 | D:5      | Noticed a water moccasin
  4936 | D:6      | Noticed a phantom
  4940 | D:6      | Gained mutation: You are occasionally teleported next to
                  | monsters. [potion of mutation]
  4940 | D:6      | Gained mutation: You are covered in fur. (AC +1) [potion of
                  | mutation]
  5398 | D:6      | Reached XP level 6. HP: 30/32 MP: 11/11
  5613 | D:6      | Noticed a water moccasin
  5620 | D:6      | Killed a water moccasin
  5620 | D:6      | Reached skill level 5 in Dodging
  5728 | D:6      | Slain by a bullfrog

Illustrated notes

Levels and vault maps discovered:
D:1:      minmay_arrival_open_corners, layout_loops_ring
D:2:      layout_loops_ring, serial_undead, serial_undead_e, serial_undead_a,
          serial_undead_d, serial_undead_c, serial_undead_d, patterned_corridor,
          uniq_jessica
D:3:      kennysheep_the_goblin_king, layout_rooms, zin_treasury,
          gammafunk_temple_overflow_statue
D:4:      layout_basic, lemuel_doored_altar, nicolae_overflow_hidden_temple,
          okawaru_metal_pillars_1_2
D:5:      layout_cave_pools, minmay_temple_entry_proselytizer,
          ebering_ghost_rock_garden, uniq_ijyb
D:6:      wad_crossroads, layout_basic, nicolae_evil_shop

Skill      XL: |  1  2  3  4  5  6 |
---------------+-------------------+-----
Short Blades   | 3 4 5 |  5.7
Stealth        | 1 3 4 |  4.0
Dodging        | 4 5 |  5.3
Fighting       | 2 |  2.7
Throwing       | |  1.0
Spellcasting   | |  2.6
Translocations | |  4.4

Action                   |  1- 3 |  4- 6 || total
-------------------------+-------+-------++-------
Melee: Short sword       |   106 |   258 ||   364
 Cast: Blink             |       |    12 ||    12
Evoke: Wand              |       |    11 ||    11
  Use: Scroll            |     3 |    12 ||    15
       Potion            |     1 |     8 ||     9
 Stab: Invisible         |     1 |       ||     1
       Sleeping          |       |     9 ||     9
Armor: Robe              |    18 |    16 ||    34
       Skin              |       |     1 ||     1
Dodge: Dodged            |    78 |   269 ||   347

Table legend: (Time is in decaauts)
 A = Elapsed time spent in this place.
 B = Non-inter-level travel time spent in this place.
 C = Inter-level travel time spent in this place.
 D = Time resting spent in this place.
 E = Time spent auto-exploring this place.
 F = Levels seen in this place.
 G = Mean time per level.
                   A        B        C        D        E       F      G
               +--------+--------+--------+--------+--------+-----+--------+
         Total |   4696 |   4642 |     54 |   2244 |   1670 |   6 |  782.7 |
       Dungeon |   4696 |   4642 |     54 |   2244 |   1670 |   6 |  782.7 |
               +--------+--------+--------+--------+--------+-----+--------+

Top non-repeatable levels by time:
     D:3: 1573 daAuts
     D:2: 994 daAuts
     D:1: 819 daAuts
     D:6: 726 daAuts
     D:4: 546 daAuts
     D:5: 37 daAuts
